 Dungeon Crawl Stone Soup version 0.20-a0-430-gb54fec0 (webtiles) character file.

31061 yesno the Unseen (level 13, -22/80 HPs)
             Began as a Vampire Earth Elementalist on Jan 10, 2017.
             Was an Elder of Sif Muna.
             Annihilated by an ogre
             ... wielding a +0 giant spiked club
              (26 damage)
             ... while paralysed by an orc sorcerer
             ... on level 1 of the Orcish Mines.
             The game lasted 01:51:12 (17537 turns).

yesno the Unseen (Vampire Earth Elementalist)      Turns: 17537, Time: 01:51:13

Health: -22/80     AC: 10    Str: 15      XL:     13   Next: 23%
Magic:  25/25      EV:  2    Int: 26 (27) God:    Sif Muna [****..]
Gold:   1002       SH:  0    Dex: 13 (14) Spells: 3/29 levels left

rFire  + . .     SeeInvis +     a - +4 dagger (vamp)
rCold  + + +     Gourm    .     J - +2 robe {rC+ rF+}
rNeg   + + +     Faith    .     (no shield)
rPois  ∞         Spirit   .     m - +1 hat
rElec  .         Reflect  .     y - +1 cloak
rCorr  .         Harm     .     N - +2 pair of gloves {Str+3}
MR     +....                    (no boots)
Stlth  ++++++++..               (no amulet)
                                c - ring "Enwukh" {+Inv +Fly rC+}
                                U - +6 ring of intelligence

@: paralysed, mighty, slightly contaminated, bloodless, non-regenerating,
invisible (expiring), divine energy
A: fangs 3, hooves 1, see invisible, berserk 1, clumsy 1, deterioration 1,
unbreathing
a: Bat Form, Stop Divine Energy, Channel Magic, Forget Spell, Renounce Religion,
Turn Visible, Evoke Flight


You were on level 1 of the Orcish Mines.
You worshipped Sif Muna.
Sif Muna was greatly pleased with you.
You were bloodless.

You visited 4 branches of the dungeon, and saw 19 of its levels.
You also visited: Labyrinth.

You collected 1002 gold pieces.

Inventory:

Hand Weapons
 a - a +4 vampiric dagger (weapon)
 f - a +0 whip of freezing
 h - a +0 short sword
 x - a +2 quarterstaff of chaos
 C - a +3 dagger of speed
 P - a +4 longbow of freezing
Missiles
 b - 196 stones (quivered)
 O - 77 arrows
Armour
 m - a +1 hat (worn)
 y - a +1 cloak (worn)
 J - a +2 robe of resistance (worn)
 N - a +2 pair of gloves of strength (worn)
Magical Staves
 M - an uncursed staff of death
Jewellery
 c - the ring "Enwukh" (right hand) {+Inv +Fly rC+}
   (You found it on level 7 of the Dungeon)

   [ring of flight]

   It protects you from cold.
   It lets you turn invisible.
   It lets you fly.
 o - an uncursed ring of protection from fire
 U - a +6 ring of intelligence (left hand)
Wands
 j - a wand of digging (7/24)
 l - a wand of flame (20/48)
 r - a wand of digging (10/24)
 v - a wand of flame (11/48)
 w - a wand of polymorph (10/24)
 A - a wand of polymorph (10/24)
 E - a wand of confusion (48/48)
 K - a wand of iceblast (9/15)
Scrolls
 i - 2 scrolls of magic mapping
 k - 6 scrolls of remove curse
 n - 2 scrolls of identify
 G - a scroll of vulnerability {unknown}
 I - 4 scrolls of teleportation
 L - a scroll of immolation
 R - 4 scrolls of amnesia
 Z - a scroll of recharging
Potions
 d - 11 potions of blood
 p - 2 potions of resistance
 q - a potion of haste
 s - 3 potions of agility
 T - a potion of invisibility
Books
 e - a book of Geomancy

   Spells                             Type                      Level
   a - Sandblast                      Earth                        1
   b - Passwall                       Transmutation/Earth          2
   c - Stone Arrow                    Conjuration/Earth            3
   d - Petrify                        Transmutation/Earth          4
   e - Lee's Rapid Deconstruction     Earth                        5
 u - a book of Necromancy

   Spells                             Type                      Level
   a - Pain                           Necromancy                   1
   b - Animate Skeleton               Necromancy                   1
   c - Vampiric Draining              Necromancy                   3
   d - Regeneration                   Charms/Necromancy            3
   e - Animate Dead                   Necromancy                   4
   f - Control Undead                 Necromancy                   4
 z - a book of Clouds

   Spells                             Type                      Level
   a - Mephitic Cloud                 Conjuration/Poison/Air       3
   b - Conjure Flame                  Conjuration/Fire             3
   c - Poisonous Cloud                Conjuration/Poison/Air       5
   d - Freezing Cloud                 Conjuration/Ice/Air          6
   e - Ring of Flames                 Charms/Fire                  7
 B - a book of Minor Magic

   Spells                             Type                      Level
   a - Magic Dart                     Conjuration                  1
   b - Blink                          Translocation                2
   c - Call Imp                       Summoning                    2
   d - Repel Missiles                 Charms/Air                   2
   e - Slow                           Hexes                        2
   f - Conjure Flame                  Conjuration/Fire             3
   g - Mephitic Cloud                 Conjuration/Poison/Air       3
 F - a book of Flames

   Spells                             Type                      Level
   a - Flame Tongue                   Conjuration/Fire             1
   b - Throw Flame                    Conjuration/Fire             2
   c - Conjure Flame                  Conjuration/Fire             3
   d - Inner Flame                    Hexes/Fire                   3
   e - Sticky Flame                   Conjuration/Fire             4
   f - Fireball                       Conjuration/Fire             5
 H - a book of Annihilations

   Spells                             Type                      Level
   a - Poison Arrow                   Conjuration/Poison           6
   b - Chain Lightning                Conjuration/Air              8
   c - Lehudib's Crystal Spear        Conjuration/Earth            8
   d - Glaciate                       Conjuration/Ice              9
   e - Fire Storm                     Conjuration/Fire             9
 Q - the Handbook of Scorching Hexes
   (You found it in a labyrinth)

   Spells                             Type                      Level
   a - Yara's Violent Unravelling     Hexes/Transmutation          5
   b - Ring of Flames                 Charms/Fire                  7
   c - Discord                        Hexes                        8
Miscellaneous
 g - a lightning rod (4/4)
 V - a box of beasts
 W - a fan of gales
 X - a phial of floods


   Skills:
 - Level 0.3 Fighting
 - Level 0.9 Short Blades
 - Level 2.5 Dodging
 - Level 15.2 Stealth
 - Level 8.7 Spellcasting
 + Level 9.1 Necromancy
 - Level 5.1 Transmutations
 - Level 0.6 Air Magic
 - Level 10.2 Earth Magic
 - Level 9.8 Invocations
 + Level 5.3 Evocations


You had 3 spell levels left.
You knew the following spells:

 Your Spells              Type           Power        Failure   Level  Hunger
a - Sandblast             Erth           ######       1%          1    None
b - Passwall              Tmut/Erth      ######....   1%          2    None
c - Petrify               Tmut/Erth      ######..     2%          4    ##.....
d - Blink                 Tloc           N/A          10%         2    None
e - Call Imp              Summ           ##......     10%         2    None
f - Mephitic Cloud        Conj/Pois/Air  ##......     17%         3    None
g - Lee's Rapid Deconstr  Erth           ######....   2%          5    ####...
h - Animate Dead          Necr           N/A          1%          4    ##.....
i - Vampiric Draining     Necr           ######....   1%          3    None


Dungeon Overview and Level Annotations

Branches:
Dungeon (11/15)            Temple (1/1) D:5            Lair (6/6) D:10
  Swamp (0/4) Lair:4       Spider (0/4) Lair:2          Orc (1/2) D:11
  Slime: Lair:5-6

Altars:
Ashenzari
Cheibriados
Dithmenos
Elyvilon
Fedhas
Gozag
Hepliaklqana
Kikubaaqudgha
Makhleb
Nemelex Xobeh
Okawaru
Qazlal
Ru
Sif Muna
Trog
Uskayaw
Vehumet
Xom
Yredelemnul
Zin
The Shining One

Annotations:
D:1 exclusions: dart slug and ooze
D:2 Robin; Terence
D:3 Sigmund
D:4 exclusion: door
D:5 exclusion: centaur
D:7 exclusions: 2 electric eels and 5 more exclusions
D:8 exclusions: 2 doors, 2 electric eels and 31 more exclusions
Lair:1 exclusion: hydra
Lair:2 exclusions: black mamba, bullfrog, hippogriff and 2 spiny frogs
Lair:3 exclusions: 2 blink frogs, bullfrog, 4 elephants, hippogriff, hydra and spiny frog, Prince Ribbit
Lair:4 exclusions: hell rat, hippogriff and spiny frog
Lair:5 exclusion: hydra
Lair:6 exclusions: 2 death yaks, komodo dragon, 2 wolves and yak


Innate Abilities, Weirdness & Mutations

You do not heal naturally.
You are immune to poison.
You have razor-sharp teeth.
You have supernaturally acute eyesight. (SInv)
You can survive without breathing.
You have large cloven feet.
You tend to lose your temper in combat.
You are clumsy. (Dex -2)
Your body sometimes deteriorates upon taking damage.


Message History

You feel a little pissed off.
You feel less contaminated with magical energies.
You fade completely from view now that you are no longer glowing from magical contamination.
Casting: Mephitic Cloud
Confirm with . or Enter, or press ? or * to list all spells.
Aiming: Mephitic Cloud
Press: ? - help, Shift-Dir - straight line, f - ogre
Aim: an ogre, wielding a giant spiked club
Okay, then.
The orc priest calls upon Beogh to heal the orc sorcerer.
The orc sorcerer's wounds heal themselves!
The orc priest no longer looks unusually strong.
The orc sorcerer points at you and mumbles some strange words.
You suddenly lose the ability to move!
The orc sorcerer no longer looks unusually strong.
The orc sorcerer gestures at you while chanting.
You easily resist.
You flicker for a moment.
The ogre hits you with a giant spiked club!!
You die...

## ####........# .#
##.###..######### ###
#...#...######..## #.###
#......##..##)).# ....##
##......#.....)[.# #....#
##.#.#.....##...).# ##..##
####...##....####....#
#....###.##...##...## +.##'##
#...###...#..###@..# ## #≈# #.
...##........# #oO.# ### #...
............####...##########...#
....#.#...#####........##.......#
.....#...## #...O#....#.........
.%..#....## #...#..o...........#
..........# ##.###..o...........
...##.##.## ### ###..#.#.......
....### ## #####.o......


You could see an orc sorcerer, 2 ogres, an orc priest (wandering) and an orc.

Vanquished Creatures
  Gastronok (Orc:1)
  A minotaur (Lab)
  A hydra (Lair:2)
  Erica (D:10)
  A centaur warrior (D:10)
  4 two-headed ogres
  An unseen horror (D:10)
  A harpy (D:10)
  An orc knight (D:10)
  A necromancer (D:10)
  A wolf spider (D:10)
  Pikel (D:4)
  2 cyclopes
  An ugly thing (D:11)
  4 elephants (Lair:6)
  2 black mambas
  A gargoyle (D:10)
  A rime drake (Lair:4)
  7 spiny frogs
  A kobold demonologist (D:10)
  3 komodo dragons
  A yaktaur (shapeshifter) (D:10)
  A tengu conjurer (D:10)
  A troll (D:10)
  2 polar bears
  3 blink frogs (Lair:6)
  9 hippogriffs
  A spriggan (D:7)
  2 wraiths (D:10)
  A shadow (D:11)
  3 basilisks
  10 yaks
  2 wyverns
  A hog (D:9)
  2 hungry ghosts
  Menkaure (D:4)
  A soldier ant (D:11)
  15 water moccasins
  2 sky beasts
  6 porcupines
  11 orc warriors
  2 ice beasts
  6 black bears
  5 centaurs
  7 ogres
  7 crocodiles
  2 big kobolds
  10 bullfrogs
  A gnoll sergeant (D:9)
  A scorpion (D:8)
  An electric eel (D:8)
  4 crimson imps
  A quasit (D:7)
  2 jellies
  4 hounds
  2 orc priests
  2 gnoll shamans
  11 orc wizards
  Crazy Yiuf (D:4)
  3 centaur skeletons
  An iguana (D:9)
  Natasha (thrice) (D:3)
  4 worker ants
  A hound zombie (D:7)
  A hound skeleton (D:4)
  The ghost of Leonis the Shield-Bearer, a weakling VSFi (D:3)
  11 gnolls
  13 adders
  An ooze (D:3)
  An adder zombie (D:5)
  2 worms
  3 dart slugs (D:1)
  5 leopard geckos
  53 orcs
  9 bats
  5 giant cockroaches
  10 goblins
  9 hobgoblins
  4 jackals (D:3)
  5 quokkas
  6 frilled lizards
  A jackal zombie (D:6)
  11 kobolds
  A quokka skeleton (D:4)
  A quokka zombie (D:6)
  11 rats
357 creatures vanquished.

Vanquished Creatures (collateral kills)
  A fungus (Lair:3)
1 creature vanquished.

Vanquished Creatures (others)
  An adder (D:4)
  An adder skeleton (D:8)
  3 jackals (D:4)
  A frilled lizard (D:4)
  7 fungi
  8 plants
21 creatures vanquished.

Grand Total: 379 creatures vanquished

Notes
Turn   | Place    | Note
-------+----------+-------------------------------------------
     0 | D:1      | yesno the Vampire Earth Elementalist began the quest for the Orb.
     0 | D:1      | Reached XP level 1. HP: 13/13 MP: 3/3
   184 | D:1      | Reached XP level 2. HP: 15/19 MP: 5/5
   578 | D:1      | Learned a level 2 spell: Passwall
  1005 | D:2      | Reached XP level 3. HP: 24/24 MP: 6/6
  1317 | D:2      | Noticed Robin
  1890 | D:2      | Noticed Terence
  2147 | D:3      | Noticed Natasha
  2153 | D:3      | Killed Natasha
  2153 | D:3      | Reached skill level 4 in Stealth
  2153 | D:3      | Reached XP level 4. HP: 31/31 MP: 4/7
  2166 | D:3      | Noticed Leonis's ghost (weakling VSFi)
  2304 | D:3      | Noticed Natasha
  2309 | D:3      | Killed Natasha
  2487 | D:3      | Noticed Sigmund
  2520 | D:3      | Learned a level 4 spell: Petrify
  2593 | D:3      | Gained mutation: You have large cloven feet. [potion of mutation]
  2593 | D:3      | Gained mutation: You are clumsy. (Dex -2) [potion of mutation]
  2593 | D:3      | Gained mutation: Your body sometimes deteriorates upon taking damage. [potion of mutation]
  2756 | D:3      | Noticed Natasha
  3072 | D:3      | Killed Natasha
  3072 | D:3      | Reached XP level 5. HP: 29/36 MP: 4/8
  3179 | D:4      | Noticed Pikel
  3179 | D:4      | Noticed a slave
  3179 | D:4      | Noticed a slave
  3179 | D:4      | Noticed a slave
  3179 | D:4      | Noticed a slave
  3569 | D:3      | Killed Leonis's ghost
  3571 | D:3      | Reached skill level 5 in Earth Magic
  3993 | D:4      | Reached XP level 6. HP: 42/42 MP: 9/9
  4032 | D:4      | Killed Pikel
  4032 | D:4      | Reached XP level 7. HP: 32/47 MP: 1/10
  4390 | D:4      | Noticed Menkaure
  4398 | D:4      | Killed Menkaure
  4609 | D:4      | Found a runed door.
  4613 | D:4      | Noticed Crazy Yiuf
  4620 | D:4      | Killed Crazy Yiuf
  4663 | D:5      | Entered Level 5 of the Dungeon
  4999 | D:5      | Found a staircase to the Ecumenical Temple.
  5014 | Temple   | Entered the Ecumenical Temple
  5109 | Temple   | Became a worshipper of Sif Muna the Loreminder
  5450 | D:6      | Noticed a hungry ghost
  5455 | D:6      | Killed a hungry ghost
  5455 | D:6      | Reached skill level 5 in Transmutations
  5455 | D:6      | Reached XP level 8. HP: 53/53 MP: 8/11
  5474 | D:6      | Learned a level 2 spell: Blink
  5477 | D:6      | Learned a level 2 spell: Call Imp
  5676 | D:6      | Reached skill level 5 in Stealth
  6003 | D:7      | Reached skill level 6 in Stealth
  6106 | D:7      | Reached * piety under Sif Muna
  6158 | D:7      | Got a spiked scale mail
  6188 | D:7      | Identified the +0 scale mail "Wuliug" {rPois rCorr Dex-5 Stlth+} (You found it on level 7 of the Dungeon)
  6276 | D:7      | Reached skill level 7 in Stealth
  6300 | D:7      | Got a warped pewter ring
  6302 | D:7      | Identified the ring "Enwukh" {+Inv +Fly rC+} (You found it on level 7 of the Dungeon)
  6478 | D:7      | Reached skill level 5 in Spellcasting
  6765 | D:7      | Noticed a hippogriff
  6808 | D:7      | Killed a hippogriff
  6899 | D:8      | Reached XP level 9. HP: 56/58 MP: 13/17
  6902 | D:8      | Reached skill level 8 in Stealth
  7803 | D:8      | Learned a level 3 spell: Mephitic Cloud
  7830 | D:8      | Reached skill level 9 in Stealth
  8057 | D:8      | Reached ** piety under Sif Muna
  8230 | D:8      | Reached skill level 10 in Stealth
  8337 | D:8      | Found an iron altar of Okawaru.
  8921 | D:9      | Noticed a two-headed ogre
  8931 | D:9      | Killed a two-headed ogre
  8931 | D:9      | Reached skill level 11 in Stealth
  8931 | D:9      | Reached XP level 10. HP: 64/64 MP: 18/22
  8969 | D:9      | Reached *** piety under Sif Muna
  8995 | D:9      | Learned a level 5 spell: Lee's Rapid Deconstruction
  9135 | D:9      | Reached skill level 1 in Invocations
  9261 | D:9      | Noticed a two-headed ogre
  9276 | D:9      | Killed a two-headed ogre
  9656 | D:10     | Entered Level 10 of the Dungeon
  9735 | D:10     | Noticed an unseen horror
  9738 | D:10     | Noticed a rakshasa
 10126 | D:10     | Noticed Erica
 10160 | D:10     | Killed Erica
 10160 | D:10     | Reached skill level 12 in Stealth
 10189 | D:10     | Noticed a two-headed ogre
 10192 | D:10     | Killed a two-headed ogre
 10192 | D:10     | Reached XP level 11. HP: 56/69 MP: 7/23
 10270 | D:10     | Noticed a two-headed ogre
 10283 | D:10     | Noticed an orc knight
 10399 | D:10     | Noticed a centaur warrior
 10402 | D:10     | Killed a centaur warrior
 10402 | D:10     | Reached skill level 10 in Earth Magic
 10402 | D:10     | Reached skill level 5 in Invocations
 10428 | D:10     | Killed a two-headed ogre
 10482 | D:10     | Learned a level 4 spell: Animate Dead
 10486 | D:10     | Learned a level 3 spell: Vampiric Draining
 10527 | D:10     | Killed an unseen horror
 10527 | D:10     | Reached skill level 1 in Necromancy
 10630 | D:10     | Reached skill level 13 in Stealth
 10649 | D:10     | Noticed a necromancer
 10661 | D:10     | Killed a necromancer
 10663 | D:10     | Noticed a frost giant
 11209 | D:10     | Found a staircase to the Lair.
 11306 | D:10     | Noticed a wolf spider
 11309 | D:10     | Noticed a harpy
 11316 | D:10     | Killed a wolf spider
 11316 | D:10     | Reached **** piety under Sif Muna
 11318 | D:10     | Killed a harpy
 11484 | D:10     | Noticed an ettin
 11488 | D:10     | Noticed a fire crab
 11583 | Lair:1   | Entered Level 1 of the Lair of Beasts
 11789 | Lair:1   | Noticed a seven-headed hydra
 12344 | Lair:2   | Noticed a four-headed hydra
 12571 | Lair:2   | Killed a four-headed hydra
 12571 | Lair:2   | Reached skill level 14 in Stealth
 12595 | Lair:2   | Found a hole to the Spider Nest.
 12786 | Lair:2   | Reached XP level 12. HP: 75/75 MP: 21/24
 12978 | Lair:3   | Noticed a seven-headed hydra
 13032 | Lair:3   | Found a labyrinth entrance.
 13039 | Lab      | Entered a labyrinth
 13152 | Lab      | Noticed a minotaur
 13299 | Lab      | Killed a minotaur
 13299 | Lab      | Reached skill level 5 in Necromancy
 13306 | Lab      | Identified the Handbook of Scorching Hexes
 13443 | Lair:3   | Noticed Prince Ribbit
 14179 | Lair:4   | Found a staircase to the Swamp.
 14517 | Lair:4   | Reached skill level 15 in Stealth
 15014 | Lair:5   | Noticed an eight-headed hydra
 15340 | Lair:5   | Reached skill level 1 in Evocations
 15582 | Lair:6   | Entered Level 6 of the Lair of Beasts
 15673 | Lair:6   | Noticed a death yak
 15673 | Lair:6   | Noticed a death yak
 15812 | Lair:6   | Noticed a death yak
 16513 | D:11     | Reached XP level 13. HP: 63/80 MP: 13/25
 17054 | D:11     | Found a staircase to the Orcish Mines.
 17188 | Orc:1    | Entered Level 1 of the Orcish Mines
 17392 | Orc:1    | Noticed Gastronok
 17406 | Orc:1    | Killed Gastronok
 17406 | Orc:1    | Reached skill level 5 in Evocations
 17477 | Orc:1    | Noticed an orc warlord
 17503 | Orc:1    | Reached ***** piety under Sif Muna
 17520 | Orc:1    | HP: 4/80 [orc warrior/long sword[an orc warlord] (10)]
 17527 | Orc:1    | Gained mutation: You tend to lose your temper in combat. [mutagenic glow]
 17534 | Orc:1    | Paralysed by an orc sorcerer for 7 turns
 17537 | Orc:1    | Annihilated by an ogre

Vault maps used:
D:1:      dpeg_arrival_orchard
D:2:      uniq_terence, uniq_robin
D:3:      minmay_cupped, uniq_natasha, uniq_sigmund
D:4:      enter_ossuary_2, first_bread, uniq_pikel, uniq_menkaure,
          uniq_crazy_yiuf_cottage
D:5:      glass_columns_a
D:7:      lemuel_ice_spiral_2, the_bakery, fountainhead
D:8:      kennysheep_town
D:9:      kennysheep_cross_bottleneck
D:10:     lair_entry_dummy, minmay_the_grid_plus, uniq_erica
D:11:     david_orc_1_choice
Temple:   kilobyte_greek_temple
Lair:2:   dummy_spider_entry, grunt_megastairs_1
Lair:3:   lab_entry_generic, uniq_prince_ribbit2
Lair:4:   swamp_mist, minmay_stone_trees_medium
Lair:5:   serial_bayou_shore_b
Lair:6:   grunt_lair_end_beastmaster, dpeg_slime_entry_corner,
          infiniplex_staircase_pool, grunt_megastairs_3,
          minmay_lair_oklob_chamber, serial_bayou_shore_b
Orc:1:    lightli_orcish_oven, uniq_gastronok
Lab:      labyrinth_watery

Skill      XL: |  1  2  3  4  5  6  7  8  9 10 11 12 13 |
---------------+----------------------------------------+-----
Stealth        | 4 7 11 12 14 15 | 15.2
Earth Magic    | 4 5 7 8 9 10 | 10.2
Transmutations | 2 4 5 |  5.1
Spellcasting   | 5 8 |  8.7
Invocations    | 4 8 9 |  9.8
Necromancy     | 4 8 9 |  9.1
Evocations     | 4 5 |  5.3
Fighting       | |  0.3
Short Blades   | |  0.9
Dodging        | |  2.5
Air Magic      | |  0.6

Action                   |  1- 3 |  4- 6 |  7- 9 | 10-12 | 13-15 || total
-------------------------+-------+-------+-------+-------+-------++-------
Melee: Short sword       |    69 |       |       |       |       ||    69
       Unarmed           |     1 |       |     1 |       |       ||     2
       Bite              |     5 |       |    16 |    32 |     6 ||    59
       Dagger            |    24 |    52 |   208 |   282 |    70 ||   636
       Kick              |       |     5 |    28 |    70 |    19 ||   122
 Cast: Sandblast         |    31 |    60 |    65 |    25 |     2 ||   183
       Passwall          |     1 |       |     6 |    37 |     2 ||    46
       Petrify           |       |       |    25 |   123 |    19 ||   167
       Mephitic Cloud    |       |       |       |    12 |     6 ||    18
       Lee's Rapid Decon |       |       |       |    17 |     4 ||    21
       Blink             |       |       |       |     2 |       ||     2
       Call Imp          |       |       |       |     1 |       ||     1
Invok: Divine Energy     |       |       |       |     1 |       ||     1
       Channel Magic     |       |       |       |     7 |     3 ||    10
 Abil: End Transformatio |     2 |     5 |     8 |     9 |       ||    24
       Bat Form          |     2 |     5 |     8 |     9 |       ||    24
       Evoke Invisibilit |       |       |       |     2 |     2 ||     4
Evoke: Wand              |       |       |     4 |       |       ||     4
  Use: Potion            |     3 |     5 |    14 |    17 |     3 ||    42
       Scroll            |     1 |     4 |     5 |    11 |       ||    21
 Stab: Sleeping          |    11 |    13 |    18 |    43 |    12 ||    97
       Distracted        |       |       |     1 |     1 |       ||     2
       Petrified         |       |       |    33 |   102 |    19 ||   154
       Confused          |       |       |     3 |     4 |       ||     7
       Petrifying        |       |       |     2 |    10 |     2 ||    14
       Invisible         |       |       |       |     2 |       ||     2
Armor: Robe              |    23 |     9 |    66 |    44 |    19 ||   161
       Skin              |       |       |       |     1 |       ||     1
Dodge: Dodged            |    93 |    57 |   130 |   144 |    44 ||   468
